AoeStats
← romagus92

Arabia

508105433Analyzed
1v1 RM · 12d ago on Sep 20, 2026· 49m 11s· 2 players
Game mode
Random Map
Map size
Tiny (2 player)
Population
200
Speed
Normal
Resources
Standard
Victory
Conquest
Starting age
Dark Age
Ending age
Imperial Age
RankedLock teamsTeams togetherTeam positionsShared explorationLock speedFull tech treeHidden civsTurbo modeCheats
Victory
Defeat
🇵🇾 Maya · Paraguay
982
+16
🇦🇷 Malians · Argentina
977
-16
francoit
6:55 Loom
9:37 Feudal Age
18:21 Wheelbarrow
17:37 Double-Bit Axe
19:29 Padded Archer Armor
20:31 Man-at-Arms
23:12 Fletching
28:38 Castle Age
28:43 Elite Skirmisher
31:35 Bodkin Arrow
34:38 Leather Archer Armor
40:13 Imperial Age
44:51 Ring Archer Armor
romagus92
0:25 Loom
10:09 Feudal Age
12:35 Double-Bit Axe
16:08 Wheelbarrow
15:16 Horse Collar
17:13 Fletching
23:53 Castle Age
22:37 Padded Archer Armor
23:08 Forging
23:10 Gold Mining
24:19 Crossbowman
25:06 Thumb Ring
28:01 Hand Cart
28:06 Bodkin Arrow
28:26 Leather Archer Armor
29:21 Iron Casting
28:20 Eagle Warrior
31:58 Squires
38:55 Scale Mail Armor
43:25 Imperial Age
43:50 Arbalester
44:44 Bracer
45:15 Ring Archer Armor
46:23 Chemistry
45:43 Ballistics
45:11 Elite Eagle Warrior
47:52 Holcans
47:43 Conscription
Connection lost

Rejoining the realm…

Still unreachable

The connection could not be restored.

Session expired

The server has moved on; the page needs a fresh start.